 Dungeon Crawl Stone Soup version 0.21.1 (webtiles) character file.

54902 tidbits the Martial Artist (level 14, 0/108 HPs)
             Began as a Gnoll Transmuter on Feb 2, 2018.
             Was the Champion of Cheibriados.
             Slain by a demonic crawler (3 damage)
             ... on level 3 of the Elven Halls.
             The game lasted 01:34:15 (5994 turns).

tidbits the Martial Artist (Gnoll Transmuter)       Turns: 5994, Time: 01:34:16

Health: 0/108      AC: 10    Str: 28    XL:     14   Next: 74%
Magic:  19/28      EV: 24    Int: 35    God:    Cheibriados [******]
Gold:   491        SH:  0    Dex: 31    Spells: 6/33 levels left

rFire    . . .     SeeInvis .     - Unarmed
rCold    . . .     Gourm    .   (shield currently unavailable)
rNeg     . . .     Faith    .   B - +0 troll leather armour
rPois    .         Spirit   .   E - +2 helmet
rElec    .         Reflect  .   L - scarf {repulsion}
rCorr    .         Harm     .   (gloves currently unavailable)
MR       ++...     Clarity  +   F - +0 pair of boots
Stlth    ++++++....             (no amulet)
HPRegen  0.68/turn              H - ring of protection from magic
MPRegen  0.21/turn              b - ring of stealth

@: blade hands, repel missiles, very slow
A: distributed training, fangs 1, talons 1, clarity, strong nose
a: End Transformation, Bend Time, Temporal Distortion, Slouch, Step From Time,
Renounce Religion


You were on level 3 of the Elven Halls.
You worshipped Cheibriados.
Cheibriados was exalted by your worship.
You were hungry.
You had blades for hands.
You visited 3 branches of the dungeon, and saw 17 of its levels.
You also visited: Ossuary and Bailey.

You collected 1312 gold pieces.
You spent 821 gold pieces at shops.

Inventory:

Hand Weapons
 M - a +2 dagger of venom (melded)
   (You took it off an orc wizard on level 1 of the Orcish Mines)
 Q - a +0 blowgun
 X - a +1 flail of draining
   (You found it on level 12 of the Dungeon)
 Y - a +0 scimitar of electrocution
   (You took it off a deep elf knight on level 3 of the Elven Halls)
Missiles
 a - 198 arrows
 g - 9 javelins (quivered)
 I - 18 tomahawks
Armour
 h - a +2 scale mail of poison resistance
   (You found it in a bailey)
 k - a +0 shield
 B - a +0 troll leather armour (worn)
 D - a +2 buckler (melded)
 E - a +2 helmet (worn)
 F - a +0 pair of boots (worn)
 G - a +1 pair of gloves (melded)
 L - a scarf of repulsion (worn)
   (You found it on level 2 of the Elven Halls)
 P - a +1 hat
Jewellery
 b - a ring of stealth (right scythe-like blade)
   (You found it on level 1 of the Elven Halls)
 e - a +3 ring of dexterity
   (You found it on level 3 of the Elven Halls)
 j - an uncursed ring of ice
   (You found it on level 2 of the Elven Halls)
 z - an uncursed ring of fire
   (You bought it in a shop on level 5 of the Dungeon)
 H - a ring of protection from magic (left scythe-like blade)
   (You found it on level 1 of the Elven Halls)
 Z - an uncursed ring of flight
   (You found it on level 2 of the Elven Halls)
Wands
 d - a wand of digging (10)
 p - a wand of flame (55)
 A - a wand of disintegration (5)
 C - a wand of polymorph (38)
 R - a wand of enslavement (29)
 S - a wand of iceblast (7)
Scrolls
 m - 2 scrolls of enchant weapon
 n - a scroll of summoning {unknown}
 r - 4 scrolls of remove curse
 t - 9 scrolls of teleportation
 v - a scroll of fear
 y - a scroll of fog
 N - a scroll of brand weapon
 O - a scroll of vulnerability {unknown}
 T - a scroll of noise {unknown}
 W - a scroll of immolation
Potions
 f - 5 potions of curing
 i - a potion of lignification
 l - a potion of ambrosia
 o - a potion of mutation {!q}
 q - a potion of brilliance {unknown}
 s - 2 potions of flight
 u - a potion of cancellation
 w - a potion of magic
 x - 6 potions of heal wounds
 K - 3 potions of invisibility
 U - a potion of agility
Books
 J - the Grimoire of the Arsonist and Earth
   (You found it in a bailey)

   Spells                             Type                      Level
   a - Flame Tongue                   Conjuration/Fire             1
   b - Throw Flame                    Conjuration/Fire             2
   c - Conjure Flame                  Conjuration/Fire             3
   d - Inner Flame                    Hexes/Fire                   3
   e - Bolt of Magma                  Conjuration/Fire/Earth       5
   f - Bolt of Fire                   Conjuration/Fire             6
 V - a book of Callings
   (You found it on level 11 of the Dungeon)

   Spells                             Type                      Level
   a - Summon Small Mammal            Summoning                    1
   b - Call Imp                       Summoning                    2
   c - Call Canine Familiar           Summoning                    3
   d - Summon Guardian Golem          Hexes/Summoning              3
   e - Summon Lightning Spire         Summoning/Air                4
   f - Summon Ice Beast               Ice/Summoning                4
Comestibles
 c - 20 rations


   Skills:
 + Level 9.4 Fighting
 + Level 9.0 Short Blades
 + Level 9.0 Long Blades
 + Level 9.0 Axes
 + Level 9.0 Maces & Flails
 + Level 9.0 Polearms
 + Level 9.0 Staves
 + Level 9.0 Slings
 + Level 9.0 Bows
 + Level 9.0 Crossbows
 + Level 9.0 Throwing
 + Level 9.0 Armour
 + Level 10.1 Dodging
 + Level 9.0 Stealth
 + Level 9.0 Shields
 + Level 11.0 Unarmed Combat
 + Level 10.2 Spellcasting
 + Level 7.5 Conjurations
 + Level 7.5 Hexes
 + Level 7.5 Charms
 + Level 7.5 Summonings
 + Level 7.5 Necromancy
 + Level 7.5 Translocations
 + Level 8.5 Transmutations
 + Level 7.5 Fire Magic
 + Level 7.5 Ice Magic
 + Level 7.5 Air Magic
 + Level 7.5 Earth Magic
 + Level 7.5 Poison Magic
 + Level 9.8 Invocations
 + Level 9.0 Evocations


You had 6 spell levels left.
You knew the following spells:

 Your Spells              Type           Power        Failure   Level  Hunger
b - Blink                 Tloc           N/A          9%          2    None
c - Conjure Flame         Conj/Fire      ######..     11%         3    None
e - Beastly Appendage     Tmut           ######       7%          1    None
h - Blade Hands           Tmut           ######....   22%         5    ##.....
i - Ice Form              Ice/Tmut       ######..     16%         4    None
k - Sticks to Snakes      Tmut           ######..     8%          2    None
m - Mephitic Cloud        Conj/Pois/Air  ######..     11%         3    None
n - Animate Skeleton      Necr           N/A          8%          1    None
t - Confusing Touch       Hex            ######       8%          1    None
A - Apportation           Tloc           ######       8%          1    None
L - Summon Lightning Spi  Summ/Air       ######..     17%         4    None


Dungeon Overview and Level Annotations

Branches:
Dungeon (12/15)              Lair (0/6) D:8             Orc (2/2) D:12
    Elf (3/3) Orc:2
 Temple: D:4-7

Altars:
Cheibriados
Qazlal
Trog
Vehumet
Yredelemnul
Zin
The Shining One
Beogh

Shops:
D:4 %   D:5 *   D:6 (   Orc:1 }   Orc:2 [(*(   Elf:3 *

Annotations:
Elf:3 exclusion: deep elf sorcerer


Innate Abilities, Weirdness & Mutations

Your experience applies equally to all skills.
You have very sharp teeth.
Your uncanny sense of smell can sniff out nearby items.
You have sharp toenails.
You possess an exceptional clarity of mind.


Message History

The deep elf knight shouts!
The fire elemental closely misses you. The fire elemental hits you.
The fire elemental burns you!
Found a scroll of teleportation.
Casting: Blade Hands
Confirm with . or Enter, or press ? or * to list all spells.
Aiming: Summon Lightning Spire
Press: ? - help, Dir - move target cursor An electric hum fills the air.
The fire elemental hits you. The fire elemental burns you!
The deep elf knight casts a spell.
The deep elf knight seems to speed up.
You barely miss the fire elemental. Your slash misses the fire elemental.
The fire elemental hits you. The fire elemental burns you!
You hit the fire elemental. You bite the fire elemental!
The fire elemental is moderately damaged.
The fire elemental barely misses you.
You barely miss the fire elemental. You bite the fire elemental.
The fire elemental is moderately damaged.
The fire elemental barely misses you.
Your lightning spire shoots out a bolt of lightning at the fire elemental!
The bolt of electricity hits the fire elemental.
The fire elemental resists.
You slice the fire elemental!!
You destroy the fire elemental!
Cheibriados thoroughly appreciates the change of pace.
The deep elf knight misses you.
Your lightning spire shoots out a bolt of lightning at the deep elf knight!
The bolt of electricity misses the deep elf knight.
You hit the deep elf knight but do no damage.
You bite the deep elf knight, but do no damage.
The deep elf knight points at you and mumbles some strange words.
The stone arrow hits you!
* * * LOW HITPOINT WARNING * * *
You slice the deep elf knight!!
The deep elf knight is heavily wounded.
The deep elf knight hits you with a short sword of protection!
* * * LOW HITPOINT WARNING * * *
You barely miss the deep elf knight. Your bite misses the deep elf knight.
The deep elf knight is heavily wounded.
The deep elf knight casts a spell at you.
The stone arrow misses you.
A vampire mosquito comes into view.
You closely miss the deep elf knight.
The deep elf knight is heavily wounded.
The deep elf knight casts a spell at you.
The orb of energy hits you!
* * * LOW HITPOINT WARNING * * *
The orb of energy explodes!
Your lightning spire shoots out a bolt of lightning at the deep elf knight!
The bolt of electricity hits the deep elf knight.
The deep elf knight unwields an uncursed short sword of protection.
The deep elf knight wields a glowing shortbow.
The deep elf knight shoots an arrow.
The arrow is repelled.
The arrow hits your lightning spire!!
You hear an angry buzzing noise.
You hear a hideous shriek!
You shred the deep elf knight!!!
You kill the deep elf knight!
Cheibriados appreciates the change of pace.
A vampire mosquito comes into view.
Your lightning spire shoots out a bolt of lightning at the vampire mosquito!
The bolt of electricity hits the vampire mosquito.
The vampire mosquito bites your lightning spire!
Things that are here:
an enchanted shortbow; an uncursed short sword of protection; 17 arrows Unknown command.
The vampire mosquito bites your lightning spire.
The vampire mosquito barely misses your lightning spire.
A demonic crawler comes into view.
The vampire mosquito bites your lightning spire but does no damage. x2
The vampire mosquito bites your lightning spire.
The vampire mosquito bites your lightning spire but does no damage.
Unknown command.
The vampire mosquito bites your lightning spire! x2
Your lightning spire is destroyed!
Unknown command.
You can feel time thicken for a moment.
You destroy the vampire mosquito!
Cheibriados thoroughly appreciates the change of pace.
You destroy the vampire mosquito!
Cheibriados thoroughly appreciates the change of pace.
You feel somewhat more hungry.
Unknown command.
Casting: Summon Lightning Spire
Confirm with . or Enter, or press ? or * to list all spells.
Aiming: Summon Lightning Spire
Press: ? - help, Dir - move target cursor, f - you
Okay, then.
Press: ? - help, v - describe, . - travel
Here: a demonic crawler (heavily wounded)
The floor.
The demonic crawler hits you!
* * * LOW HITPOINT WARNING * * *
The demonic crawler misses you. The demonic crawler hits you!
* * * LOW HITPOINT WARNING * * *
Unknown command.
You hit the demonic crawler but do no damage.
The demonic crawler is heavily wounded.
The demonic crawler hits you.
You die...

##.........
#....?.....
##..........#
.<....P....##
#..........#.
#...........#
#..†......##
#)@s........
+#.(.....#
#.......#
###'#####
###### #.#
##..... #.#
##...... #.#
##....... #.#
#........
##'##
#........


You could see a demonic crawler.

Vanquished Creatures
  An orc warlord (Orc:2)
  A deep elf annihilator (Elf:3)
  Erolcha (D:11)
  4 dancing weapons
  3 two-headed ogres
  An orc high priest (Orc:1)
  6 deep elf knights
  5 deep elf archers
  An orc knight (Bailey)
  3 orc sorcerers (Orc:1)
  26 deep elf magi
  A kobold demonologist (Orc:1)
  2 trolls
  2 dream sheep (D:11)
  3 water elementals
  12 yaks
  A shadow (D:12)
  A fire elemental (Elf:3)
  2 vampire mosquitoes (Elf:3)
  A water moccasin (D:11)
  3 wargs (Orc:2)
  A swamp drake (Orc:1)
  39 orc warriors
  9 ice beasts
  2 sky beasts
  8 ogres
  3 centaurs
  2 elf zombies (Ossuary)
  4 bullfrogs
  13 big kobolds
  3 earth elementals
  2 scorpions
  4 killer bees (D:7)
  7 howler monkeys
  2 crimson imps
  2 centaur zombies
  A quasit (D:11)
  A hound (D:8)
  A human zombie (Ossuary)
  17 orc priests
  A bullfrog skeleton (D:7)
  A jelly (D:9)
  A gnoll shaman (Orc:1)
  An iron imp (Orc:1)
  2 iguanas
  16 orc wizards
  9 worker ants
  A big kobold zombie (Ossuary)
  3 mummies
  A hound skeleton (D:7)
  A hound zombie (D:9)
  A worker ant zombie (D:9)
  3 gnolls (Orc:1)
  4 adders
  A shadow imp (Orc:1)
  A white imp (Orc:1)
  2 oozes
  An adder skeleton (D:5)
  2 worms
  2 dart slugs
  6 leopard geckos
  83 orcs
  A ball python (D:3)
  6 bats
  4 giant cockroaches
  2 gnoll zombies (D:2)
  11 goblins
  5 hobgoblins
  5 jackals
  2 quokkas (D:2)
  5 frilled lizards
  9 hobgoblin zombies (Ossuary)
  26 kobolds
  7 kobold zombies (Ossuary)
  6 orc zombies
  4 rats
437 creatures vanquished.

Vanquished Creatures (collateral kills)
  A hydra (D:11)
  An orc high priest (Orc:1)
  A deep elf archer (Elf:1)
  A deep elf mage (Elf:1)
  3 orc warriors (Orc:2)
  An ice beast (Orc:1)
  An ogre (Orc:2)
  A big kobold (Orc:1)
  A killer bee (D:7)
  2 crimson imps
  A jelly (D:11)
  4 orc priests
  6 orc wizards
  A dart slug (D:1)
  21 orcs
  A ball python (D:7)
  A goblin (D:11)
  A hobgoblin (D:12)
  A jackal (D:5)
  A giant cockroach zombie (D:5)
  A kobold zombie (Ossuary)
  2 orc zombies (Ossuary)
54 creatures vanquished.

Vanquished Creatures (others)
  An orc warrior (Orc:2)
  2 orc wizards (Orc:1)
3 creatures vanquished.

Grand Total: 494 creatures vanquished

Notes
Turn   | Place    | Note
-------+----------+-------------------------------------------
     0 | D:1      | tidbits the Gnoll Transmuter began the quest for the Orb.
     0 | D:1      | Reached XP level 1. HP: 17/17 MP: 6/6
   103 | D:1      | Reached XP level 2. HP: 20/23 MP: 5/7
   166 | D:1      | Learned a level 2 spell: Sticks to Snakes
   232 | D:1      | Reached XP level 3. HP: 25/28 MP: 7/9
   282 | D:1      | Reached skill level 5 in Spellcasting
   378 | D:3      | Reached skill level 1 in Invocations
   444 | D:3      | Found a glowing golden altar of the Shining One.
   482 | D:3      | Learned a level 3 spell: Spider Form
   491 | D:2      | Reached skill level 1 in Short Blades
   491 | D:2      | Reached skill level 1 in Long Blades
   491 | D:2      | Reached skill level 1 in Axes
   491 | D:2      | Reached skill level 1 in Maces & Flails
   491 | D:2      | Reached skill level 1 in Polearms
   491 | D:2      | Reached skill level 1 in Staves
   491 | D:2      | Reached skill level 1 in Slings
   491 | D:2      | Reached skill level 1 in Bows
   491 | D:2      | Reached skill level 1 in Crossbows
   491 | D:2      | Reached skill level 1 in Throwing
   491 | D:2      | Reached skill level 1 in Armour
   491 | D:2      | Reached skill level 1 in Stealth
   491 | D:2      | Reached skill level 1 in Shields
   491 | D:2      | Reached skill level 1 in Evocations
   491 | D:2      | Reached XP level 4. HP: 21/34 MP: 4/11
   638 | D:3      | Found a bloodstained altar of Trog.
   740 | D:3      | Found a glowing silver altar of Zin.
   745 | D:3      | Found a snail-covered altar of Cheibriados.
   749 | D:3      | Became a worshipper of Cheibriados the Contemplative
   817 | D:2      | Found a basalt altar of Yredelemnul.
   956 | D:5      | Entered Level 5 of the Dungeon
  1011 | D:4      | Found Tegiegub's Food Shoppe.
  1048 | D:3      | Reached skill level 1 in Conjurations
  1048 | D:3      | Reached skill level 1 in Hexes
  1048 | D:3      | Reached skill level 1 in Charms
  1048 | D:3      | Reached skill level 1 in Summonings
  1048 | D:3      | Reached skill level 1 in Necromancy
  1048 | D:3      | Reached skill level 1 in Translocations
  1048 | D:3      | Reached skill level 1 in Fire Magic
  1048 | D:3      | Reached skill level 1 in Ice Magic
  1048 | D:3      | Reached skill level 1 in Air Magic
  1048 | D:3      | Reached skill level 1 in Earth Magic
  1048 | D:3      | Reached skill level 1 in Poison Magic
  1075 | D:4      | Reached XP level 5. HP: 40/40 MP: 9/12
  1168 | D:4      | Found a sand-covered staircase.
  1182 | Ossuary  | Entered an ossuary
  1197 | Ossuary  | Reached skill level 3 in Fighting
  1221 | Ossuary  | Reached * piety under Cheibriados
  1246 | Ossuary  | Gained mutation: You have supernaturally acute eyesight. (SInv) [potion of mutation]
  1246 | Ossuary  | Gained mutation: You possess an exceptional clarity of mind. [potion of mutation]
  1253 | Ossuary  | Reached skill level 4 in Transmutations
  1257 | Ossuary  | Reached XP level 6. HP: 47/47 MP: 4/13
  1259 | Ossuary  | Reached skill level 2 in Invocations
  1289 | Ossuary  | Reached skill level 2 in Short Blades
  1289 | Ossuary  | Reached skill level 2 in Long Blades
  1289 | Ossuary  | Reached skill level 2 in Axes
  1289 | Ossuary  | Reached skill level 2 in Maces & Flails
  1289 | Ossuary  | Reached skill level 2 in Polearms
  1289 | Ossuary  | Reached skill level 2 in Staves
  1289 | Ossuary  | Reached skill level 2 in Slings
  1289 | Ossuary  | Reached skill level 2 in Bows
  1289 | Ossuary  | Reached skill level 2 in Crossbows
  1289 | Ossuary  | Reached skill level 2 in Throwing
  1289 | Ossuary  | Reached skill level 2 in Armour
  1289 | Ossuary  | Reached skill level 5 in Dodging
  1289 | Ossuary  | Reached skill level 2 in Stealth
  1289 | Ossuary  | Reached skill level 2 in Shields
  1289 | Ossuary  | Reached skill level 2 in Evocations
  1449 | D:5      | Reached XP level 7. HP: 52/52 MP: 7/15
  1554 | D:5      | Found Rextegh's Assorted Antiques.
  1556 | D:5      | Reached ** piety under Cheibriados
  1562 | D:5      | Bought a scroll labeled YNUCZU VEAQITI for 19 gold pieces
  1562 | D:5      | Bought a runed copper ring for 95 gold pieces
  1562 | D:5      | Bought a twisted fluorescent wand for 76 gold pieces
  1580 | D:5      | Reached skill level 7 in Unarmed Combat
  1664 | D:6      | Reached skill level 2 in Conjurations
  1664 | D:6      | Reached skill level 2 in Hexes
  1664 | D:6      | Reached skill level 2 in Charms
  1664 | D:6      | Reached skill level 2 in Summonings
  1664 | D:6      | Reached skill level 2 in Necromancy
  1664 | D:6      | Reached skill level 2 in Translocations
  1664 | D:6      | Reached skill level 2 in Fire Magic
  1664 | D:6      | Reached skill level 2 in Ice Magic
  1664 | D:6      | Reached skill level 2 in Air Magic
  1664 | D:6      | Reached skill level 2 in Earth Magic
  1664 | D:6      | Reached skill level 2 in Poison Magic
  1727 | D:6      | Reached skill level 3 in Invocations
  1756 | D:6      | Found Icoudy's Weapon Boutique.
  1785 | D:6      | Learned a level 4 spell: Ice Form
  1791 | D:6      | Learned a level 5 spell: Blade Hands
  1808 | D:6      | Reached XP level 8. HP: 60/60 MP: 16/16
  1858 | D:6      | Reached skill level 4 in Fighting
  2018 | D:7      | Reached skill level 3 in Short Blades
  2018 | D:7      | Reached skill level 3 in Long Blades
  2018 | D:7      | Reached skill level 3 in Axes
  2018 | D:7      | Reached skill level 3 in Maces & Flails
  2018 | D:7      | Reached skill level 3 in Polearms
  2018 | D:7      | Reached skill level 3 in Staves
  2018 | D:7      | Reached skill level 3 in Slings
  2018 | D:7      | Reached skill level 3 in Bows
  2018 | D:7      | Reached skill level 3 in Crossbows
  2018 | D:7      | Reached skill level 3 in Throwing
  2018 | D:7      | Reached skill level 3 in Armour
  2018 | D:7      | Reached skill level 3 in Stealth
  2018 | D:7      | Reached skill level 3 in Shields
  2018 | D:7      | Reached skill level 3 in Evocations
  2032 | D:7      | Reached skill level 6 in Spellcasting
  2054 | D:7      | Noticed a hippogriff
  2114 | D:7      | Reached *** piety under Cheibriados
  2252 | D:9      | Learned a level 1 spell: Animate Skeleton
  2254 | D:9      | Learned a level 1 spell: Apportation
  2256 | D:9      | Learned a level 1 spell: Confusing Touch
  2256 | D:9      | Noticed a two-headed ogre
  2266 | D:9      | Killed a two-headed ogre
  2266 | D:9      | Reached skill level 6 in Dodging
  2266 | D:9      | Reached skill level 3 in Conjurations
  2266 | D:9      | Reached skill level 3 in Hexes
  2266 | D:9      | Reached skill level 3 in Charms
  2266 | D:9      | Reached skill level 3 in Summonings
  2266 | D:9      | Reached skill level 3 in Necromancy
  2266 | D:9      | Reached skill level 3 in Translocations
  2266 | D:9      | Reached skill level 5 in Transmutations
  2266 | D:9      | Reached skill level 3 in Fire Magic
  2266 | D:9      | Reached skill level 3 in Ice Magic
  2266 | D:9      | Reached skill level 3 in Air Magic
  2266 | D:9      | Reached skill level 3 in Earth Magic
  2266 | D:9      | Reached skill level 3 in Poison Magic
  2266 | D:9      | Reached skill level 4 in Invocations
  2266 | D:9      | Reached XP level 9. HP: 24/66 MP: 14/18
  2278 | D:8      | Found a staircase to the Lair.
  2372 | D:9      | Reached skill level 4 in Short Blades
  2372 | D:9      | Reached skill level 4 in Long Blades
  2372 | D:9      | Reached skill level 4 in Axes
  2372 | D:9      | Reached skill level 4 in Maces & Flails
  2372 | D:9      | Reached skill level 4 in Polearms
  2372 | D:9      | Reached skill level 4 in Staves
  2372 | D:9      | Reached skill level 4 in Slings
  2372 | D:9      | Reached skill level 4 in Bows
  2372 | D:9      | Reached skill level 4 in Crossbows
  2372 | D:9      | Reached skill level 4 in Throwing
  2372 | D:9      | Reached skill level 4 in Armour
  2372 | D:9      | Reached skill level 4 in Stealth
  2372 | D:9      | Reached skill level 4 in Shields
  2372 | D:9      | Reached skill level 4 in Evocations
  2385 | D:8      | Noticed a two-headed ogre
  2391 | D:8      | HP: 5/67 [two-headed ogre/great mace (15)]
  2393 | D:8      | Killed a two-headed ogre
  2393 | D:8      | Reached skill level 5 in Fighting
  2421 | D:8      | Reached skill level 8 in Unarmed Combat
  2434 | D:8      | Found a stormy altar of Qazlal.
  2578 | D:7      | Reached skill level 5 in Invocations
  2790 | D:10     | Entered Level 10 of the Dungeon
  2798 | D:10     | Reached **** piety under Cheibriados
  2860 | D:10     | Reached XP level 10. HP: 59/74 MP: 17/20
  2862 | D:10     | Reached skill level 7 in Spellcasting
  2866 | D:10     | Reached skill level 4 in Conjurations
  2866 | D:10     | Reached skill level 4 in Hexes
  2866 | D:10     | Reached skill level 4 in Charms
  2866 | D:10     | Reached skill level 4 in Summonings
  2866 | D:10     | Reached skill level 4 in Necromancy
  2866 | D:10     | Reached skill level 4 in Translocations
  2866 | D:10     | Reached skill level 4 in Fire Magic
  2866 | D:10     | Reached skill level 4 in Ice Magic
  2866 | D:10     | Reached skill level 4 in Air Magic
  2866 | D:10     | Reached skill level 4 in Earth Magic
  2866 | D:10     | Reached skill level 4 in Poison Magic
  2883 | D:10     | Reached skill level 5 in Short Blades
  2883 | D:10     | Reached skill level 5 in Long Blades
  2883 | D:10     | Reached skill level 5 in Axes
  2883 | D:10     | Reached skill level 5 in Maces & Flails
  2883 | D:10     | Reached skill level 5 in Polearms
  2883 | D:10     | Reached skill level 5 in Staves
  2883 | D:10     | Reached skill level 5 in Slings
  2883 | D:10     | Reached skill level 5 in Bows
  2883 | D:10     | Reached skill level 5 in Crossbows
  2883 | D:10     | Reached skill level 5 in Throwing
  2883 | D:10     | Reached skill level 5 in Armour
  2883 | D:10     | Reached skill level 5 in Stealth
  2883 | D:10     | Reached skill level 5 in Shields
  2883 | D:10     | Reached skill level 5 in Evocations
  3053 | D:11     | Reached skill level 7 in Dodging
  3178 | D:11     | Found a flagged portal.
  3183 | Bailey   | Entered a bailey
  3189 | Bailey   | Reached ***** piety under Cheibriados
  3251 | Bailey   | Reached skill level 6 in Fighting
  3303 | Bailey   | Found a roughly hewn altar of Beogh.
  3303 | Bailey   | Noticed an orc knight
  3308 | Bailey   | Killed an orc knight
  3308 | Bailey   | Reached skill level 6 in Transmutations
  3308 | Bailey   | Reached skill level 6 in Invocations
  3311 | Bailey   | Identified the Grimoire of the Arsonist and Earth
  3381 | D:11     | Noticed Erolcha
  3394 | D:11     | Killed Erolcha
  3394 | D:11     | Reached XP level 11. HP: 37/83 MP: 13/22
  3403 | D:11     | Learned a level 3 spell: Conjure Flame
  3563 | D:10     | Lost mutation: You possess an exceptional clarity of mind. [potion of mutation]
  3563 | D:10     | Lost mutation: You have supernaturally acute eyesight. (SInv) [potion of mutation]
  3563 | D:10     | Gained mutation: You have sharp toenails. [potion of mutation]
  3563 | D:10     | Gained mutation: You possess an exceptional clarity of mind. [potion of mutation]
  3620 | D:11     | Reached skill level 9 in Unarmed Combat
  3625 | D:11     | Reached skill level 6 in Short Blades
  3625 | D:11     | Reached skill level 6 in Long Blades
  3625 | D:11     | Reached skill level 6 in Axes
  3625 | D:11     | Reached skill level 6 in Maces & Flails
  3625 | D:11     | Reached skill level 6 in Polearms
  3625 | D:11     | Reached skill level 6 in Staves
  3625 | D:11     | Reached skill level 6 in Slings
  3625 | D:11     | Reached skill level 6 in Bows
  3625 | D:11     | Reached skill level 6 in Crossbows
  3625 | D:11     | Reached skill level 6 in Throwing
  3625 | D:11     | Reached skill level 6 in Armour
  3625 | D:11     | Reached skill level 6 in Stealth
  3625 | D:11     | Reached skill level 6 in Shields
  3625 | D:11     | Reached skill level 6 in Evocations
  3628 | D:11     | Reached skill level 5 in Conjurations
  3628 | D:11     | Reached skill level 5 in Hexes
  3628 | D:11     | Reached skill level 5 in Charms
  3628 | D:11     | Reached skill level 5 in Summonings
  3628 | D:11     | Reached skill level 5 in Necromancy
  3628 | D:11     | Reached skill level 5 in Translocations
  3628 | D:11     | Reached skill level 5 in Fire Magic
  3628 | D:11     | Reached skill level 5 in Ice Magic
  3628 | D:11     | Reached skill level 5 in Air Magic
  3628 | D:11     | Reached skill level 5 in Earth Magic
  3628 | D:11     | Reached skill level 5 in Poison Magic
  3649 | D:11     | Learned a level 4 spell: Summon Lightning Spire
  3649 | D:11     | Noticed a two-headed hydra
  3655 | D:11     | Killed a two-headed hydra
  3655 | D:11     | Reached skill level 8 in Spellcasting
  3693 | D:11     | Noticed a two-headed ogre
  3712 | D:11     | Killed a two-headed ogre
  3991 | D:12     | Reached skill level 7 in Invocations
  4001 | D:12     | Found a staircase to the Orcish Mines.
  4024 | Orc:1    | Entered Level 1 of the Orcish Mines
  4055 | Orc:1    | Noticed an orc sorcerer
  4059 | Orc:1    | Killed an orc sorcerer
  4059 | Orc:1    | Reached skill level 7 in Fighting
  4059 | Orc:1    | Reached skill level 8 in Dodging
  4089 | Orc:2    | Entered Level 2 of the Orcish Mines
  4094 | Orc:1    | Found Hour's Gadget Shoppe.
  4128 | Orc:1    | Found a frozen archway.
  4159 | Orc:1    | Noticed a soul eater
  4190 | Orc:1    | Noticed an orc high priest
  4195 | Orc:1    | Reached XP level 12. HP: 48/91 MP: 14/24
  4198 | Orc:1    | Killed an orc high priest
  4321 | Orc:1    | Reached skill level 7 in Transmutations
  4337 | Orc:1    | Reached skill level 7 in Short Blades
  4337 | Orc:1    | Reached skill level 7 in Long Blades
  4337 | Orc:1    | Reached skill level 7 in Axes
  4337 | Orc:1    | Reached skill level 7 in Maces & Flails
  4337 | Orc:1    | Reached skill level 7 in Polearms
  4337 | Orc:1    | Reached skill level 7 in Staves
  4337 | Orc:1    | Reached skill level 7 in Slings
  4337 | Orc:1    | Reached skill level 7 in Bows
  4337 | Orc:1    | Reached skill level 7 in Crossbows
  4337 | Orc:1    | Reached skill level 7 in Throwing
  4337 | Orc:1    | Reached skill level 7 in Armour
  4337 | Orc:1    | Reached skill level 7 in Stealth
  4337 | Orc:1    | Reached skill level 7 in Shields
  4337 | Orc:1    | Reached skill level 7 in Evocations
  4345 | Orc:1    | Noticed an orc high priest
  4348 | Orc:1    | Killed an orc high priest
  4521 | Orc:1    | Learned a level 3 spell: Mephitic Cloud
  4596 | Orc:2    | Reached skill level 6 in Conjurations
  4596 | Orc:2    | Reached skill level 6 in Hexes
  4596 | Orc:2    | Reached skill level 6 in Charms
  4596 | Orc:2    | Reached skill level 6 in Summonings
  4596 | Orc:2    | Reached skill level 6 in Necromancy
  4596 | Orc:2    | Reached skill level 6 in Translocations
  4596 | Orc:2    | Reached skill level 6 in Fire Magic
  4596 | Orc:2    | Reached skill level 6 in Ice Magic
  4596 | Orc:2    | Reached skill level 6 in Air Magic
  4596 | Orc:2    | Reached skill level 6 in Earth Magic
  4596 | Orc:2    | Reached skill level 6 in Poison Magic
  4624 | Orc:2    | Found a roughly hewn altar of Beogh.
  4644 | Orc:2    | Reached ****** piety under Cheibriados
  4646 | Orc:2    | Found Esaivekk's Weapon Emporium.
  4683 | Orc:2    | Reached skill level 8 in Invocations
  4684 | Orc:2    | Found a roughly hewn altar of Beogh.
  4690 | Orc:2    | Found a staircase to the Elven Halls.
  4844 | Orc:2    | Reached skill level 9 in Spellcasting
  4848 | Orc:2    | Noticed an orc warlord
  4886 | Orc:2    | Killed an orc warlord
  4907 | Orc:2    | HP: 8/92 [orc priest/divine providence (11)]
  4922 | Orc:2    | Found Veabomur's Antique Weapon Boutique.
  4924 | Orc:2    | Found Bopaqic's Antique Armour Shop.
  4925 | Orc:2    | Found a roughly hewn altar of Beogh.
  4933 | Orc:2    | Bought a shield for 117 gold pieces
  4933 | Orc:2    | Bought a transparent robe for 148 gold pieces
  4943 | Orc:2    | Identified the +1 robe "Hagus" {-Tele Int+4 Dex+9} (You bought it in a shop on level 2 of the Orcish Mines)
  4963 | Orc:2    | Bought a runed buckler for 195 gold pieces
  5046 | Orc:2    | Found a roughly hewn altar of Beogh.
  5060 | Orc:2    | Found Didonog's Assorted Antiques.
  5065 | Orc:2    | Bought a scroll labeled MONOZI WUENEVI for 21 gold pieces
  5065 | Orc:2    | Bought a scroll labeled BUKHOL BAUQ for 21 gold pieces
  5065 | Orc:2    | Bought a bone wand for 84 gold pieces
  5072 | Orc:2    | Learned a level 2 spell: Blink
  5109 | Orc:2    | Found a roughly hewn altar of Beogh.
  5114 | Orc:2    | Reached skill level 8 in Fighting
  5114 | Orc:2    | Reached skill level 10 in Unarmed Combat
  5163 | Orc:2    | Found a roughly hewn altar of Beogh.
  5201 | Orc:2    | Found a roughly hewn altar of Beogh.
  5230 | Elf:1    | Entered Level 1 of the Elven Halls
  5246 | Elf:1    | Reached skill level 9 in Dodging
  5248 | Elf:1    | Found a radiant altar of Vehumet.
  5266 | Elf:1    | Noticed a deep elf knight
  5270 | Elf:1    | Killed a deep elf knight
  5270 | Elf:1    | Reached XP level 13. HP: 27/98 MP: 26/26
  5271 | Elf:1    | Reached skill level 8 in Short Blades
  5271 | Elf:1    | Reached skill level 8 in Long Blades
  5271 | Elf:1    | Reached skill level 8 in Axes
  5271 | Elf:1    | Reached skill level 8 in Maces & Flails
  5271 | Elf:1    | Reached skill level 8 in Polearms
  5271 | Elf:1    | Reached skill level 8 in Staves
  5271 | Elf:1    | Reached skill level 8 in Slings
  5271 | Elf:1    | Reached skill level 8 in Bows
  5271 | Elf:1    | Reached skill level 8 in Crossbows
  5271 | Elf:1    | Reached skill level 8 in Throwing
  5271 | Elf:1    | Reached skill level 8 in Armour
  5271 | Elf:1    | Reached skill level 8 in Stealth
  5271 | Elf:1    | Reached skill level 8 in Shields
  5271 | Elf:1    | Reached skill level 9 in Invocations
  5271 | Elf:1    | Reached skill level 8 in Evocations
  5271 | Elf:1    | Reached XP level 14. HP: 30/106 MP: 27/27
  5323 | Elf:1    | Found a radiant altar of Vehumet.
  5355 | Elf:1    | Reached skill level 8 in Transmutations
  5411 | Elf:1    | Reached skill level 7 in Conjurations
  5411 | Elf:1    | Reached skill level 7 in Hexes
  5411 | Elf:1    | Reached skill level 7 in Charms
  5411 | Elf:1    | Reached skill level 7 in Summonings
  5411 | Elf:1    | Reached skill level 7 in Necromancy
  5411 | Elf:1    | Reached skill level 7 in Translocations
  5411 | Elf:1    | Reached skill level 7 in Fire Magic
  5411 | Elf:1    | Reached skill level 7 in Ice Magic
  5411 | Elf:1    | Reached skill level 7 in Air Magic
  5411 | Elf:1    | Reached skill level 7 in Earth Magic
  5411 | Elf:1    | Reached skill level 7 in Poison Magic
  5499 | Elf:2    | Reached skill level 9 in Fighting
  5581 | Elf:2    | Reached skill level 10 in Spellcasting
  5624 | Elf:3    | Entered Level 3 of the Elven Halls
  5701 | Elf:3    | Found Bogufitzic's General Store.
  5714 | Elf:3    | Bought a scroll of teleportation for 45 gold pieces
  5726 | Elf:3    | Noticed a deep elf sorcerer
  5885 | Elf:3    | Noticed a deep elf annihilator
  5915 | Elf:3    | Reached skill level 10 in Dodging
  5922 | Elf:3    | Killed a deep elf annihilator
  5933 | Elf:3    | Reached skill level 11 in Unarmed Combat
  5935 | Elf:3    | Reached skill level 9 in Short Blades
  5935 | Elf:3    | Reached skill level 9 in Long Blades
  5935 | Elf:3    | Reached skill level 9 in Axes
  5935 | Elf:3    | Reached skill level 9 in Maces & Flails
  5935 | Elf:3    | Reached skill level 9 in Polearms
  5935 | Elf:3    | Reached skill level 9 in Staves
  5935 | Elf:3    | Reached skill level 9 in Slings
  5935 | Elf:3    | Reached skill level 9 in Bows
  5935 | Elf:3    | Reached skill level 9 in Crossbows
  5935 | Elf:3    | Reached skill level 9 in Throwing
  5935 | Elf:3    | Reached skill level 9 in Armour
  5935 | Elf:3    | Reached skill level 9 in Stealth
  5935 | Elf:3    | Reached skill level 9 in Shields
  5935 | Elf:3    | Reached skill level 9 in Evocations
  5993 | Elf:3    | HP: 3/108 [demonic crawler (10)]
  5994 | Elf:3    | Slain by a demonic crawler

Skill      XL: |  1  2  3  4  5  6  7  8  9 10 11 12 13 14 |
---------------+-------------------------------------------+-----
Spellcasting   | 5 6 7 8 9 10 | 10.2
Invocations    | 1 2 3 4 5 6 7 8 9 |  9.8
Short Blades   | 1 2 3 4 5 6 7 8 9 |  9.0
Long Blades    | 1 2 3 4 5 6 7 8 9 |  9.0
Axes           | 1 2 3 4 5 6 7 8 9 |  9.0
Maces & Flails | 1 2 3 4 5 6 7 8 9 |  9.0
Polearms       | 1 2 3 4 5 6 7 8 9 |  9.0
Staves         | 1 2 3 4 5 6 7 8 9 |  9.0
Slings         | 1 2 3 4 5 6 7 8 9 |  9.0
Bows           | 1 2 3 4 5 6 7 8 9 |  9.0
Crossbows      | 1 2 3 4 5 6 7 8 9 |  9.0
Throwing       | 1 2 3 4 5 6 7 8 9 |  9.0
Armour         | 1 2 3 4 5 6 7 8 9 |  9.0
Stealth        | 1 2 3 4 5 6 7 8 9 |  9.0
Shields        | 1 2 3 4 5 6 7 8 9 |  9.0
Evocations     | 1 2 3 4 5 6 7 8 9 |  9.0
Conjurations   | 1 2 3 4 5 6 7 |  7.5
Hexes          | 1 2 3 4 5 6 7 |  7.5
Charms         | 1 2 3 4 5 6 7 |  7.5
Summonings     | 1 2 3 4 5 6 7 |  7.5
Necromancy     | 1 2 3 4 5 6 7 |  7.5
Translocations | 1 2 3 4 5 6 7 |  7.5
Fire Magic     | 1 2 3 4 5 6 7 |  7.5
Ice Magic      | 1 2 3 4 5 6 7 |  7.5
Air Magic      | 1 2 3 4 5 6 7 |  7.5
Earth Magic    | 1 2 3 4 5 6 7 |  7.5
Poison Magic   | 1 2 3 4 5 6 7 |  7.5
Fighting       | 3 4 5 6 7 8 9 |  9.4
Transmutations | 4 5 6 7 8 |  8.5
Dodging        | 5 6 7 8 9 10 | 10.1
Unarmed Combat | 7 8 9 10 11 | 11.0

Action                   |  1- 3 |  4- 6 |  7- 9 | 10-12 | 13-15 || total
-------------------------+-------+-------+-------+-------+-------++-------
Melee: Unarmed           |    85 |   153 |   137 |   403 |    90 ||   868
       Headbutt          |     5 |       |       |       |       ||     5
       Bite              |     3 |     1 |       |    45 |    14 ||    63
       Kick              |     6 |       |       |    27 |       ||    33
       Punch             |     2 |     4 |       |    14 |     7 ||    27
       Dagger            |       |       |       |    24 |    15 ||    39
       Dire flail        |       |       |       |    44 |       ||    44
 Fire: Arbalest          |       |       |       |    11 |       ||    11
Throw: Javelin           |       |       |       |     6 |       ||     6
 Cast: Beastly Appendage |    10 |       |       |       |       ||    10
       Sticks to Snakes  |     4 |     6 |    11 |    16 |     4 ||    41
       Spider Form       |     1 |    21 |    22 |     7 |       ||    51
       Animate Skeleton  |       |       |     2 |    21 |     1 ||    24
       Apportation       |       |       |       |    37 |    19 ||    56
       Blade Hands       |       |       |       |    32 |    14 ||    46
       Summon Lightning  |       |       |       |     1 |     6 ||     7
       Ice Form          |       |       |       |     1 |       ||     1
       Mephitic Cloud    |       |       |       |       |     1 ||     1
Invok: Slouch            |       |       |       |     5 |     1 ||     6
       Bend Time         |       |       |       |     5 |       ||     5
       Temporal Distorti |       |       |       |       |     1 ||     1
 Abil: End Transformatio |       |       |       |     3 |     1 ||     4
Evoke: Wand              |       |       |     7 |    20 |     6 ||    33
  Use: Scroll            |     1 |     5 |     6 |     8 |     3 ||    23
       Potion            |       |     3 |     4 |     2 |     1 ||    10
 Stab: Sleeping          |       |     3 |     4 |    18 |     7 ||    32
       Distracted        |       |       |     2 |     4 |     2 ||     8
       Confused          |       |       |       |       |     1 ||     1
  Eat: Chunk             |       |     2 |       |     8 |     2 ||    12
       Ration            |       |     1 |     1 |       |       ||     2
Armor: Robe              |    12 |       |     2 |       |       ||    14
       Skin              |       |    40 |     2 |     9 |       ||    51
       Scale mail        |       |       |       |    51 |       ||    51
       Troll leather arm |       |       |       |     1 |    15 ||    16
Dodge: Dodged            |    53 |    82 |   115 |   346 |    50 ||   646
       Deflected         |       |       |       |       |     3 ||     3
Block: Buckler           |       |       |       |     5 |     7 ||    12

Table legend:
 A = Turns spent in this place as a percentage of turns spent in the entire game.
 B = Non-inter-level travel turns spent in this place as a percentage of non-inter-level travel turns spent in the entire game.
 C = Inter-level travel turns spent in this place as a percentage of turns spent in this place.
 D = Turns resting spent in this place as a percentage of non-inter-level travel turns spent in this place.
 E = Turns spent auto-exploring this place as a percentage of non-inter-level travel turns spent in this place.
 F = Non-inter-level travel turns spent in this place divided by the number of levels of this place that you've seen.
                   A       B       C       D       E      F
               +-------+-------+-------+-------+-------+----------------------
         Total | 100.0 | 100.0 |   1.2 |   0.0 |   0.0 | 311.7
       Dungeon |  61.4 |  61.0 |   2.0 |   0.0 |   0.0 | 300.9
  Orcish Mines |  20.1 |  20.4 |   0.0 |   0.0 |   0.0 | 603.0
   Elven Halls |  12.7 |  12.9 |   0.0 |   0.0 |   0.0 | 254.7
       Ossuary |   2.9 |   3.0 |   0.0 |   0.0 |   0.0 | 176.0
        Bailey |   2.8 |   2.8 |   0.0 |   0.0 |   0.0 | 165.0
               +-------+-------+-------+-------+-------+----------------------

Table legend:
 A = Kills in this place as a percentage of kills in entire the game.
 B = Kills by you in this place as a percentage of kills by you in the entire game.
 C = Kills by friends in this place as a percentage of kills by friends in the entire game.
 D = Other kills in this place as a percentage of other kills in the entire game.
 E = Experience gained in this place as a percentage of experience gained in the entire game.
 F = Experience gained in this place divided by the number of levels of this place that you have seen.
                   A       B       C       D       E      F
               +-------+-------+-------+-------+-------+----------------------
         Total | 100.0 | 100.0 | 100.0 | 100.0 | 100.0 | 2941.4
       Dungeon |  43.2 |  45.2 |  27.8 |   0.0 |  23.1 | 1074.5
  Orcish Mines |  36.7 |  33.5 |  63.0 |   0.0 |  25.9 | 7239.0
   Elven Halls |  10.4 |  11.0 |   3.7 | 100.0 |  47.0 | 8759.0
       Ossuary |   6.3 |   6.4 |   5.6 |   0.0 |   0.7 | 368.0
        Bailey |   3.5 |   3.9 |   0.0 |   0.0 |   3.3 | 1869.0
               +-------+-------+-------+-------+-------+----------------------

Vault maps used:
D:1:      matt_arrival_refuge, serial_park_tiny_1, minmay_misc_feat_columns
D:2:      lemuel_zombie_altar_yredelemnul
D:3:      lemuel_coloured_pillars_altar, lightli_temple_of_fire,
          lemuel_doored_altar, minitemple
D:4:      nicolae_ossuary_entry_giza, first_ration, serial_shops,
          kennysheep_mini_moat
D:5:      elyvilon_altar_1, serial_shops,
          nicolae_shop_temple_entry_statues_fountains, kennysheep_potato
D:6:      serial_shops, shop_statue
D:7:      okawaru_altar_gauntlet_db, minmay_temple_entry_enclosed_plants
D:8:      erik_lair_orcish_takeover, nicolae_qazlal_general_emergency
D:11:     enter_bailey_3, hangedman_ranch, kennysheep_minor_cross,
          eino_small_chamber_without_monster, nicolae_lava_and_water,
          uniq_erolcha
D:12:     erik_orc_3, uniq_josephine
Orc:1:    serial_shops, shop_statue, special_room,
          portal_ice_cave_entry_ice_beasts, hangedman_minor_magic
Orc:2:    grunt_orc_community_town_hall, grunt_orc_community_big_house_2,
          grunt_orc_community_big_house_2, grunt_orc_community_house_1,
          grunt_orc_community_house_2, grunt_orc_community_house_1,
          grunt_orc_community_house_1, grunt_orc_community_house_2,
          grunt_orc_community_house_3
Elf:1:    eino_elf_arrival_altar, basic_altar, minmay_elf_annihilation,
          spider_trap, minmay_misc_feat_five, minmay_elf_demonology
Elf:2:    st_stairs_14
Elf:3:    minmay_elf_hall_not_hex, serial_shops, shop,
          einodemon_crawler_minivault
Ossuary:  ossuary_tomb_1
Bailey:   bailey_polearm_2, bailey
